 Dungeon Crawl Stone Soup version 0.30.1-11-g7821555f0a (webtiles) character file.

Game seed: 17038138069821555188

2090782 xexx the Conqueror (level 26, 193/193 HPs)
             Began as a Pale Draconian Berserker on Jan 12, 2024.
             Was the Champion of Lugonu.
             Escaped with the Orb
             ... and 4 runes!
             The game lasted 03:02:26 (83568 turns).

xexx the Conqueror (Pale Draconian Berserker)      Turns: 83568, Time: 03:02:27

Health: 193/193    AC: 23    Str: 15 (16) XL:     26   Next: 82%
Magic:  26/26      EV: 31    Int:  7      God:    Lugonu [******]
Gold:   7279       SH:  0    Dex: 21      Spells: 6/35 levels left

rFire   + . .        t - +6 triple sword "Etzoits" {heavy, rPois rF+}
rCold   + . .        (shield currently unavailable)
rNeg    . . .        (body armour unavailable)
rPois   +            A - +2 hat
rElec   +            q - +2 cloak {rCorr}
rCorr   +            i - +2 pair of gloves
SInv    .            e - +2 pair of boots
Will    +++..        X - amulet of Equilibrium {Acrobat Fly rElec rPois Int-2}
Stlth   +            F - ring of the Skies Above {rElec rC+ EV+5}
HPRegen 0.52/turn    y - ring of willpower
MPRegen 0.20/turn

%: random rage (3%), acrobat
@: sluggish, flying, studying Axes, very slow
A: breathe steam, AC +12, unfitting armour, cold-blooded, steam resistance,
horns 1, berserk 1, deterioration 1, low MP 2, strong-willed 1, screaming 2,
weak 2, MP-powered wands
0: Orb of Zot
}: 4/15 runes: barnacled, slimy, silver, gossamer
a: Breathe Steam, Renounce Religion, Depart the Abyss, Banish, Corrupt, Enter
the Abyss, Brand Weapon With Distortion


You escaped.
You worshipped Lugonu.
Lugonu was exalted by your worship.
You visited 11 branches of the dungeon, and saw 55 of its levels.
You visited the Abyss 1 time.
You visited 1 bazaar.
You also visited: Wizlab.

You collected 9100 gold pieces.
You spent 1821 gold pieces at shops.

Inventory:

Hand Weapons
 a - a +4 great sword of flaming
 k - a +9 spectral triple sword
 t - the +6 triple sword "Etzoits" (weapon) {heavy, rPois rF+}
   (Trog gifted it to you on level 4 of the Shoals)

   rF:        It protects you from fire.
   rPois:     It protects you from poison.
 x - the +11 great sword "Sugiem" {antimagic, rN+ Stlth+}
   (Trog gifted it to you on level 3 of the Spider Nest)

   rN:        It protects you from negative energy.
   Stlth:     It makes you more stealthy.
 D - a +3 great sword of freezing
Missiles
 P - 5 throwing nets (quivered)
Armour
 c - the +0 pair of gloves "Gyrhyxil" {rN+}
   (You found it on level 3 of the Vaults)

   rN:        It protects you from negative energy.
 e - a +2 pair of boots (worn)
 i - a +2 pair of gloves (worn)
 o - the +0 cloak "Qinaer" {rC++ Will- Dex+4}
   (You found it on level 3 of the Shoals)

   Dex:       It affects your dexterity (+4).
   rC:        It greatly protects you from cold.
   Will:      It decreases your willpower.
 q - a +2 cloak of preservation (worn)
 A - a +2 hat (worn)
Jewellery
 m - a ring of protection from fire
 r - a ring of resist corrosion
 y - a ring of willpower (right hand)
 F - the ring of the Skies Above (left hand) {rElec rC+ EV+5}
   (You took it off a deep elf zephyrmancer on level 3 of the Elven Halls)

   [ring of evasion]

   EV:        It affects your evasion (+5).
   rC:        It protects you from cold.
   rElec:     It insulates you from electricity.
 H - a ring of protection from fire
 J - the ring of Qojue {Ice Will+}
   (You found it on level 4 of the Shoals)

   [ring of ice]

   It enhances your ice magic.
   rF:        It makes you vulnerable to fire.
   rC:        It protects you from cold.
   Will:      It increases your willpower.
 R - a ring of protection from cold
 W - the ring "Xeetadeg" {rElec Str-5 Int+6 Dex-2 SInv}
   (You found it on level 4 of the Shoals)

   [ring of see invisible]

   Str:       It affects your strength (-5).
   Int:       It affects your intelligence (+6).
   Dex:       It affects your dexterity (-2).
   rElec:     It insulates you from electricity.
   SInv:      It lets you see invisible.
 X - the amulet of Equilibrium (around neck) {Acrobat Fly rElec rPois Int-2}
   (You took it off a deep elf demonologist on level 3 of the Elven Halls)

   [amulet of the acrobat]

   It increases your evasion while moving and waiting.
   Int:       It affects your intelligence (-2).
   rElec:     It insulates you from electricity.
   rPois:     It protects you from poison.
   Fly:       It grants you flight.
Wands
 s - a wand of digging (5)
 T - a wand of polymorph (5)
Scrolls
 f - 3 scrolls of teleportation
 g - 7 scrolls of magic mapping
 j - 9 scrolls of vulnerability
 n - 9 scrolls of immolation
 v - 2 scrolls of enchant weapon
 C - 10 scrolls of fog
 E - 43 scrolls of identify
 G - 5 scrolls of amnesia
 K - 7 scrolls of fear
 N - 3 scrolls of silence
 Q - a scroll of torment
 U - 8 scrolls of enchant armour
Potions
 b - 3 potions of heal wounds
 d - a potion of berserk rage
 l - 5 potions of flight
 p - 10 potions of lignification
 u - 8 potions of magic
 w - 12 potions of curing
 z - 6 potions of ambrosia
 B - 11 potions of brilliance
 M - 3 potions of might
 S - 3 potions of resistance
Miscellaneous
 I - a lightning rod (4/4)
 L - a phantom mirror


   Skills:
 O Level 27 Fighting
 - Level 24.6 Long Blades
 - Level 17.9 Dodging
 - Level 3.1 Stealth
 - Level 5.0 Spellcasting
 * Level 23.6 Necromancy
 - Level 16.6 Air Magic
 - Level 13.3 Invocations


You had 6 spell levels left.
You knew the following spells:

 Your Spells              Type           Power      Damage    Failure   Level
a - Swiftness             Air            25%        N/A       1%          3
b - Summon Lightning Spi  Summ/Air       13%        N/A       9%          4
c - Airstrike             Air            12%        2d(2-18)  1%          4
d - Animate Dead          Necr           34%        N/A       1%          4
e - Death Channel         Necr           17%        N/A       1%          6
f - Borgnjor's Revivific  Necr           17%        N/A       12%         8

Your spell library contained the following spells:

 Spells                   Type           Power      Damage    Failure   Level
 Shock                    Conj/Air       52%        1d6       1%          1
 Cigotuvi's Dreadful Rot  Necr/Pois/Air  40%        N/A       1%          2
 Poisonous Vapours        Pois/Air       26%        N/A       1%          2
 Static Discharge         Conj/Air       26%        2-4/arc   1%          2
 Dispel Undead            Necr           34%        3d15      1%          4
 Anguish                  Hex/Necr       9%         N/A       2%          4
 Borgnjor's Vile Clutch   Necr/Erth      9%         N/A       6%          5
 Mephitic Cloud           Conj/Pois/Air  9%         N/A       9%          3
 Foxfire                  Conj/Fire      4%         2x1d4     28%         1
 Magic Dart               Conj           4%         1d3       28%         1
 Simulacrum               Ice/Necr       9%         N/A       34%         6
 Blink                    Tloc           2%         N/A       38%         2
 Ensorcelled Hibernation  Hex/Ice        2%         N/A       38%         2
 Lesser Beckoning         Tloc           2%         N/A       38%         2
 Momentum Strike          Conj/Tloc      2%         3d8       38%         2
 Spider Form              Tmut/Pois      1%         N/A       63%         3
 Conjure Ball Lightning   Conj/Air       6%         3x3d6     80%         6
 Plasma Beam              Fire/Air       6%         2x1d18    80%         6
 Cause Fear               Hex            0%         N/A       95%         4
 Leda's Liquefaction      Hex/Erth       0%         N/A       95%         4
 Manifold Assault         Tloc           1%         N/A       95%         4
 Petrify                  Tmut/Erth      1%         N/A       95%         4
 Summon Ice Beast         Ice/Summ       1%         N/A       95%         4
 Fireball                 Conj/Fire      0%         3d3       100%        5
 Lee's Rapid Deconstruct  Erth           0%         3d4*      100%        5
 Summon Forest            Summ/Tloc      0%         N/A       100%        5
 Summon Mana Viper        Hex/Summ       1%         N/A       100%        5
 Starburst                Conj/Fire      0%         6d3       100%        6
 Statue Form              Tmut/Erth      0%         N/A       100%        6
 Summon Cactus Giant      Summ           0%         N/A       100%        6
 Maxwell's Capacitive Co  Air            12%        ∞         89%         8
 Enfeeble                 Hex            0%         N/A       100%        7
 Monstrous Menagerie      Summ           0%         N/A       100%        7
 Ozocubu's Refrigeration  Ice            0%         4d7       100%        7
 Storm Form               Tmut/Air       6%         N/A       100%        7
 Chain Lightning          Conj/Air       6%         3d8       100%        9
 Polar Vortex             Ice            0%         N/A       100%        9


Dungeon Overview and Level Annotations

Branches:
Dungeon (15/15)            Temple (0/1) D:7            Lair (5/5) D:11
 Shoals (4/4) Lair:3       Spider (4/4) Lair:2        Slime (5/5) Lair:4
    Orc (2/2) D:11            Elf (3/3) Orc:2        Vaults (5/5) D:14
  Crypt (3/3) Vaults:3       Tomb (0/3) Crypt:3      Depths (4/4) D:15
    Zot (5/5) Depths:4     WizLab (visited)

Altars:
Ashenzari
Cheibriados
Elyvilon
Fedhas
Gozag
Kikubaaqudgha
Okawaru
Qazlal
Ru
Sif Muna
Uskayaw
Vehumet
Wu Jian
Xom
Yredelemnul
The Shining One
Jiyva
Lugonu

Shops:
D:6 *   D:8 !   D:9 (   D:13 =   D:14 [   D:15 !   Orc:1 (   Orc:2 [[[*
Elf:3 *   Shoals:3 [   Shoals:4 !:!=   Vaults:1 [=   Vaults:2 [   Vaults:3 [
Vaults:4 (   Depths:3 =::   Depths:4 =

Portals:
Hell: Depths:1 Depths:2 Depths:3 Depths:4
Abyss: Depths:2 Depths:3
Pandemonium: Depths:2
Ziggurat: Depths:2

Annotations:
Slime:5 corrupted
Elf:2 3 runed translucent doors
Vaults:1 1 runed translucent door
Crypt:2 2 transporters, Houmnergh's ghost, master GnTm
Crypt:3 Saint Roka
Zot:1 3 runed translucent doors, Sofait's ghost, legendary GnFE
Abyss:1 Parghit; Royal Jelly


Innate Abilities, Weirdness & Mutations

You can breathe blasts of scalding, opaque steam.
Your pale cyan-grey scales are hard. (AC +12)
You cannot fit into any form of body armour.
You are cold-blooded and may be slowed by cold attacks.
You are immune to the effects of steam.
You have a pair of small horns on your head.
You sometimes lose your temper in combat.
Your body sometimes deteriorates upon taking damage.
Your magical capacity is very low. (-20% MP)
You are strong-willed. (Will+)
You frequently scream uncontrollably at your foes.
You are very weak. (Str -4)
You expend magic power (3 MP) to strengthen your wands.


Message History

There is a stone staircase leading up here.
You fly upwards.
There is a stone staircase leading down here.
Magic restored.
There is a stone staircase leading up here.
You fly upwards.
There is a stone staircase leading down here.
You see here a potion of berserk rage.
d - a potion of berserk rage You see here a +0 ring mail.
There is a stone staircase leading up here.
You fly upwards.
There is a stone staircase leading down here.
Aiming: Dig
Press: ? - help, Shift-Dir - straight line A rock wall.
This square is covered in magical glow.
You feel a surge of power!
The rock shatters into small pieces.
Aiming: Dig
Press: ? - help, Shift-Dir - straight line You can't see that place.
You feel a surge of power!
The rock shatters into small pieces.
Aiming: Dig
Press: ? - help, Shift-Dir - straight line A rock wall.
This square is covered in magical glow.
You feel a surge of power!
The rock shatters into small pieces.
There is a stone staircase leading up here.
You fly upwards.
There is a stone staircase leading down here.
Magic restored.
Casting: Swiftness (safe; 1% risk of failure)
Confirm with . or Enter, or press ? or * to list all spells.
You feel quick.
You start to feel a little slower.
You reach down and open the door.
There is an open door here.
You feel sluggish.
There is a staircase leading out of the dungeon here.
You have escaped!

#.###.#....## #.#
#.# ##.########.#
#.# #..........#
#.# ############
######### #....
#.......#######.###
#........'......#
#.......###.#####
#.@.###># #.#
#.......###.#
#........'..#
#.......#####
#########


There were no monsters in sight!

Vanquished Creatures
  A pandemonium lord (D:15)
  An ancient lich (Vaults:5)
  4 dread liches
  5 orbs of fire (Zot:5)
  Mennas (Depths:4)
  A juggernaut (Depths:2)
  Boris (Depths:4)
  5 Killer Klowns
  Frederick (Vaults:4)
  Margery (Vaults:3)
  3 caustic shrikes (Depths:4)
  2 curse toes
  2 bone dragons
  Jory (Depths:4)
  Nikola (Spider:1)
  11 golden dragons
  A profane servitor (Crypt:3)
  Arachne (Spider:4)
  2 doom hounds (Depths:2)
  A Tzitzimitl (Depths:1)
  2 electric golems (Zot:5)
  16 tentacled monstrosities
  24 Orb Guardians
  3 liches
  A walking earthen tome (Zot:3)
  A Hell Sentinel (D:15)
  Grunn (Depths:2)
  4 titans
  A walking divine tome (Zot:3)
  A deep elf blademaster (Elf:3)
  5 quicksilver dragons
  5 deep elf master archers (Elf:3)
  6 death cobs
  6 acid blobs
  6 sphinxes
  2 walking frostbound tomes
  15 ancient champions
  Agnes (Spider:1)
  Kirke (Shoals:1)
  8 draconian monks
  6 tengu reavers
  15 storm dragons
  11 shadow dragons
  4 revenants
  2 azure jellies (Slime:4)
  4 rockslimes
  2 iron dragons
  11 fire giants
  3 narguns (Zot:3)
  3 frost giants
  2 draconian knights (Zot:1)
  8 emperor scorpions
  The ghost of ritesign the Geomancer, a journeyman DgCj (Shoals:2)
  3 deep elf sorcerers (Elf:3)
  A draconian scorcher (Zot:5)
  7 draconian annihilators
  11 ghost moths
  5 draconian shifters
  2 draconian stormcallers (Zot:1)
  15 vault wardens
  An orc warlord (Vaults:2)
  15 ironbound preservers
  A reaper (Depths:2)
  2 deep elf elementalists (Elf:3)
  7 ironbound thunderhulks
  2 curse skulls
  A broodmother (Spider:4)
  2 spriggan defenders (Depths:2)
  9 very ugly things
  A caustic shrike skeleton (Crypt:1)
  3 war gargoyles (Vaults:5)
  8 ghouls
  12 green draconians
  26 stone giants
  7 deep elf demonologists
  15 black draconians
  18 red draconians
  5 vampire knights
  12 yellow draconians
  11 purple draconians
  2 spark wasps (Spider:3)
  9 deep elf annihilators
  19 white draconians
  4 dire elephants
  Snorg (Lair:5)
  7 merfolk impalers
  3 eidola
  9 ettins
  7 deep elf death magi
  13 jiangshi
  A mummy priest (Crypt:3)
  A merfolk javelineer (Shoals:4)
  7 fire dragons
  A quicksilver dragon zombie (Crypt:2)
  5 entropy weavers
  4 great orbs of eyes
  2 deep elf high priests
  Josephine (Lair:4)
  5 rakshasas
  A spriggan zombie (Crypt:1)
  A fenstrider witch zombie (Crypt:3)
  3 merfolk avatars
  11 yaktaur captains
  5 hydras
  30 vault guards
  A catoblepas (Lair:4)
  9 ice dragons
  6 ironbound frosthearts
  7 ogre magi
  3 merfolk aquamancers (Shoals:4)
  Erica (D:8)
  4 spriggan air magi
  34 two-headed ogres
  19 centaur warriors
  2 alligator snapping turtles
  A juggernaut simulacrum (Crypt:2)
  7 vampire magi
  A death knight (Crypt:1)
  20 dancing weapons
  A bennu skeleton (Crypt:2)
  A fenstrider witch skeleton (Crypt:1)
  10 boulder beetles
  3 radroaches
  2 satyrs (Shoals:3)
  7 deep troll earth magi
  A death yak (Lair:5)
  An orc high priest (Orc:2)
  An azure jelly zombie (Crypt:2)
  8 deep troll shamans
  2 titan zombies
  4 spriggan berserkers
  3 tengu warriors
  11 hell knights
  2 soul eaters (Crypt:2)
  Sonja (Lair:1)
  The ghost of RumbleBuddy the Cleaver, a novice MiFi (D:8)
  2 sun demons
  2 sixfirhies
  A skyshark (Shoals:1)
  5 pharaoh ants
  A storm dragon zombie (Depths:3)
  An iron giant zombie (Crypt:1)
  A salamander mystic (Depths:4)
  A shadow wraith (Vaults:5)
  Lodul (D:11)
  2 sun moths
  12 deep elf knights
  2 glowing orange brains
  A glowing orange brain (shapeshifter) (Depths:3)
  54 deep trolls
  A golden dragon zombie (Crypt:1)
  10 iron trolls
  3 flayed ghosts
  A golden dragon skeleton (Depths:3)
  An anaconda zombie (Crypt:3)
  7 sea snakes
  44 skeletal warriors
  14 phantasmal warriors
  11 deep elf archers
  17 ironbound convokers
  An obsidian statue (Zot:5)
  13 orb spiders
  31 deep elf zephyrmancers
  13 necromancers
  A sphinx zombie (Crypt:3)
  9 lindwurms
  25 harpies
  An iron dragon zombie (Crypt:1)
  6 wizards
  33 ugly things
  30 deep elf pyromancers
  An orc sorcerer (Vaults:5)
  21 wolf spiders
  2 orc knights
  10 steelbarb worms
  12 cyclopes
  8 fauns
  12 manticores
  37 moths of wrath
  2 oklob plants
  5 shining eyes
  11 elephants
  A worldbinder (Abyss:2)
  4 salamanders (Depths:4)
  A large abomination (Abyss:2)
  A black mamba (shapeshifter) (D:14)
  3 black mambas (Lair:3)
  A frost giant skeleton (Vaults:4)
  28 vault sentinels
  6 water nymphs
  6 merfolk sirens
  6 demonic crawlers
  2 stone giant skeletons (Crypt:1)
  An elephant (shapeshifter) (Vaults:5)
  An orange demon (Abyss:2)
  A torpor snail (shapeshifter) (Depths:2)
  A kobold demonologist (D:10)
  9 komodo dragons
  6 cane toads
  A purple draconian zombie (Crypt:3)
  9 torpor snails
  A rime drake (shapeshifter) (D:14)
  A green draconian zombie (Crypt:2)
  32 yaktaurs
  4 rime drakes
  3 freezing wraiths (Crypt:1)
  An unseen horror (D:10)
  Psyche (D:11)
  A bunyip simulacrum (Crypt:1)
  3 tengu conjurers
  An anaconda simulacrum (Crypt:1)
  3 efreet
  2 tormentors (Depths:2)
  15 trolls
  A pale draconian skeleton (Crypt:1)
  3 guardian mummies
  A merfolk (shapeshifter) (Vaults:5)
  A harpy skeleton (Crypt:3)
  7 polar bears
  The ghost of Marethyu the Skirmisher, an amateur GnHu (D:3)
  10 meliai
  10 hornets
  Prince Ribbit (D:8)
  24 merfolk
  An iron troll skeleton (Crypt:2)
  26 tarantellas
  A queen bee (shapeshifter) (Vaults:5)
  7 wind drakes
  A sphinx simulacrum (Vaults:4)
  An ettin zombie (Vaults:4)
  A hydra skeleton (Crypt:3)
  8 snapping turtles
  15 blink frogs
  A radroach zombie (Crypt:1)
  A blink frog (shapeshifter) (Vaults:5)
  38 jumping spiders
  A centaur simulacrum (Crypt:2)
  19 culicivoras
  2 air elementals
  4 shadows
  19 spriggans
  7 wyverns
  84 slime creatures
  A yak (shapeshifter) (Vaults:3)
  51 yaks
  3 flying skulls
  3 ushabtiu (Crypt:3)
  10 water elementals
  17 wraiths
  A naga simulacrum (Crypt:3)
  6 basilisks
  A steam dragon (D:8)
  2 fire elementals (Elf:2)
  59 redbacks
  3 vampire mosquitoes (D:14)
  A chaos spawn (Abyss:2)
  The ghost of mkat the Digger, an amateur DsEE (D:3)
  A neqoxec (D:15)
  A warg (Orc:1)
  A warg (shapeshifter) (Elf:2)
  3 acid dragons
  A deep troll skeleton (Crypt:2)
  A swamp worm (shapeshifter) (D:11)
  16 water moccasins
  A floating eye (Depths:3)
  A naga skeleton (Crypt:1)
  20 orc warriors
  An ice beast (D:7)
  12 black bears
  A swamp dragon skeleton (Crypt:3)
  A tengu (shapeshifter) (Vaults:5)
  56 ogres
  8 boggarts
  36 wolves
  4 centaurs
  A small abomination (Abyss:2)
  2 phantoms (D:6)
  A hog skeleton (Crypt:3)
  A gnoll sergeant (D:11)
  A rime drake skeleton (Crypt:1)
  6 kobold brigands
  A necrophage (Crypt:1)
  2 earth elementals (Elf:2)
  8 bullfrogs
  4 scorpions
  A draconian skeleton (Crypt:3)
  A salamander skeleton (Crypt:1)
  20 wights
  A warg zombie (Crypt:3)
  9 killer bees
  A howler monkey (D:8)
  2 hounds
  Crazy Yiuf (D:5)
  23 orc priests
  A gnoll bouda (D:5)
  A jelly (Abyss:2)
  7 iguanas
  2 sleepcaps
  24 orc wizards
  6 gnolls
  8 adders
  A swamp drake skeleton (Crypt:1)
  A white imp (D:8)
  A jelly zombie (Crypt:2)
  A worm (D:5)
  79 orcs
  5 endoplasms
  2 giant cockroaches
  12 goblins
  5 hobgoblins
  4 jackals (D:1)
  19 kobolds
  4 quokkas
  8 ball pythons
  11 bats
  A dart slug zombie (Crypt:3)
  3 frilled lizards
  4 rats
  A rat zombie (Crypt:1)
2307 creatures vanquished.

Vanquished Creatures (collateral kills)
  A storm dragon (Zot:2)
  Donald (Elf:2)
  A draconian knight (Zot:3)
  A frost giant (Zot:3)
  An ironbound preserver (Vaults:1)
  A stone giant (Zot:3)
  2 green draconians (Zot:2)
  A purple draconian (Zot:3)
  2 red draconians
  A spark wasp (Spider:1)
  2 merfolk impalers (Shoals:1)
  A vault guard (Vaults:5)
  A two-headed ogre (Zot:3)
  2 centaur warriors (Vaults:3)
  2 skeletal warriors (D:15)
  An iron troll (Zot:3)
  3 deep trolls (Zot:3)
  3 harpies (Shoals:1)
  A wolf spider (Spider:3)
  4 moths of wrath
  A merfolk siren (Shoals:1)
  A demonic crawler (Spider:1)
  2 trolls (Zot:3)
  A hornet (Lair:5)
  A dream sheep (Lair:5)
  2 spriggans (Lair:5)
  3 jumping spiders
  3 hogs (Shoals:1)
  A water moccasin (Lair:5)
  2 black bears (Lair:5)
  A wolf (Lair:5)
50 creatures vanquished.

Vanquished Creatures (others)
  5 acid blobs (Slime:5)
  A fire giant (Zot:3)
  A Killer Klown zombie (Zot:2)
  A quicksilver ooze (Slime:5)
  A great orb of eyes (Slime:5)
  A deep elf knight (Elf:2)
  A storm dragon zombie (Zot:2)
  An ironbound convoker (Vaults:3)
  A harpy (Vaults:1)
  3 shining eyes (Slime:5)
  2 draconian zombies
  A moth of wrath (Zot:3)
  An eye of devastation (Slime:5)
  A green draconian zombie (Zot:1)
  A red draconian zombie (Zot:1)
  An unseen horror (shapeshifter) (D:15)
  A moth of wrath zombie (Zot:1)
  A tarantella (Spider:1)
  17 slime creatures
  5 jumping spiders
  A culicivora (Spider:1)
  A human (Shoals:1)
  A chaos spawn (Depths:4)
  3 redbacks
  A floating eye (Slime:5)
  2 ogres
  An orc priest (Crypt:3)
  65 spectral weapons
  24 starspawn tentacles (Slime:5)
146 creatures vanquished.

Grand Total: 2503 creatures vanquished

Notes
Turn   | Place    | Note
-------+----------+-------------------------------------------
     0 | D:1      | xexx the Draconian Berserker began the quest for the Orb.
     0 | D:1      | Reached XP level 1. HP: 19/19 MP: 1/1
   156 | D:1      | Reached XP level 2. HP: 25/26 MP: 2/2
   812 | D:2      | Reached ** piety under Trog
   813 | D:2      | Reached XP level 3. HP: 31/31 MP: 3/3
   838 | D:2      | Found a faded altar of an unknown god.
  1621 | D:3      | Found an ornate altar of the Wu Jian Council.
  1674 | D:3      | Reached XP level 4. HP: 38/38 MP: 4/4
  1728 | D:3      | Noticed a scorpion
  1786 | D:3      | Killed a scorpion
  1787 | D:3      | Reached skill level 5 in Long Blades
  1961 | D:3      | Reached XP level 5. HP: 46/46 MP: 5/5
  1967 | D:3      | Found a runed translucent gate.
  1967 | D:3      | Found a runed translucent gate.
  1967 | D:3      | Found a runed translucent gate.
  1972 | D:3      | Noticed mkat's ghost (amateur DsEE)
  1972 | D:3      | Noticed Marethyu's ghost (amateur GnHu)
  2046 | D:3      | Killed mkat's ghost
  2047 | D:3      | Reached skill level 4 in Fighting
  2101 | D:3      | Killed Marethyu's ghost
  2102 | D:3      | Reached XP level 6. HP: 45/53 MP: 6/6
  2577 | D:4      | Found a glowing golden altar of the Shining One.
  2727 | D:4      | Your scales start taking on a pale cyan-grey colour.
  2727 | D:4      | Reached XP level 7. HP: 59/60 MP: 7/7
  2727 | D:4      | Gained mutation: You are immune to the effects of steam.
                  | [Pale Draconian growth]
  3249 | D:4      | Found the +7 Throatcutter {drain, coup de grace}
  3256 | D:4      | Reached skill level 5 in Fighting
  3355 | D:5      | Entered Level 5 of the Dungeon
  3388 | D:5      | Found a runed translucent door.
  3389 | D:5      | Noticed Crazy Yiuf
  3446 | D:5      | Killed Crazy Yiuf
  3651 | D:5      | Found a white marble altar of Elyvilon.
  3677 | D:5      | Reached *** piety under Trog
  3727 | D:5      | Reached XP level 8. HP: 68/68 MP: 8/8
  3820 | D:5      | Found a snail-covered altar of Cheibriados.
  3885 | D:5      | Noticed a +0 spear
  3885 | D:5      | Noticed a +0 spear
  3885 | D:5      | Noticed a +0 short sword
  3886 | D:5      | Noticed a +0 dagger
  3886 | D:5      | Noticed a +0 short sword
  3886 | D:5      | Noticed a +0 dagger
  3886 | D:5      | Noticed a +0 falchion
  3887 | D:5      | Noticed a +0 falchion
  3898 | D:5      | Found a hide-covered altar of Uskayaw.
  4078 | D:6      | Reached skill level 10 in Long Blades
  4383 | D:6      | Found Qirpho Mata's Assorted Antiques.
  4457 | D:6      | Reached XP level 9. HP: 74/74 MP: 9/9
  4878 | D:7      | Noticed a two-headed ogre
  4888 | D:7      | Killed a two-headed ogre
  4889 | D:7      | Reached skill level 6 in Fighting
  4889 | D:7      | Reached skill level 5 in Dodging
  4980 | D:7      | Reached **** piety under Trog
  5549 | D:7      | Reached XP level 10. HP: 84/84 MP: 10/10
  5550 | D:7      | Reached skill level 7 in Fighting
  5705 | D:7      | Found a staircase to the Ecumenical Temple.
  5708 | D:7      | Identified the +9 dagger of Ruguuwuff {pain, rPois SInv}
  5894 | D:8      | Noticed Prince Ribbit
  5895 | D:8      | Noticed Erica
  5909 | D:8      | Killed Erica
  5911 | D:8      | Killed Prince Ribbit
  6030 | D:8      | Found a runed translucent gate.
  6030 | D:8      | Found a runed translucent gate.
  6030 | D:8      | Found a runed translucent gate.
  6036 | D:8      | Found an opulent altar of Gozag.
  6038 | D:8      | Noticed a centaur warrior
  6039 | D:8      | Noticed RumbleBuddy's ghost (novice MiFi)
  6069 | D:8      | Found Miuvusut's Distillery.
  6077 | D:8      | Bought a potion of heal wounds for 75 gold pieces
  6077 | D:8      | Bought a potion of curing for 45 gold pieces
  6077 | D:8      | Bought a potion of curing for 45 gold pieces
  6208 | D:8      | Reached ***** piety under Trog
  6209 | D:8      | Reached skill level 8 in Fighting
  6304 | D:8      | Found a stormy altar of Qazlal.
  6612 | D:8      | Killed a centaur warrior
  6621 | D:8      | Killed RumbleBuddy's ghost
  6622 | D:8      | Reached XP level 11. HP: 95/95 MP: 8/11
  6757 | D:8      | Received a gift from Trog
  6885 | D:9      | Reached skill level 9 in Fighting
  6958 | D:9      | Found Geagues's Weapon Shop.
  7156 | D:9      | Found a shimmering altar of Xom.
  7901 | D:10     | Entered Level 10 of the Dungeon
  7989 | D:10     | Reached skill level 10 in Fighting
  8254 | D:10     | Found a broken altar of Ashenzari.
  8362 | D:10     | Noticed a sixfirhy
  8365 | D:10     | Noticed a soul eater
  8754 | D:11     | Reached skill level 1 in Stealth
  8826 | D:11     | Found a staircase to the Lair.
  8840 | D:11     | Reached skill level 11 in Fighting
  8952 | D:11     | Noticed Psyche
  8959 | D:11     | Killed Psyche
  9004 | D:11     | Noticed Lodul
  9012 | D:11     | Noticed a boulder beetle
  9023 | D:11     | Killed Lodul
  9024 | D:11     | Reached XP level 12. HP: 107/110 MP: 12/12
  9044 | D:11     | Killed a boulder beetle
  9126 | D:11     | Noticed a two-headed ogre
  9131 | D:11     | Killed a two-headed ogre
  9169 | D:11     | Noticed a two-headed ogre
  9189 | D:11     | Reached skill level 12 in Fighting
  9200 | D:11     | Killed a two-headed ogre
  9357 | D:11     | Identified the +1 arbalest of Floods {heavy, rF- Str-4 SInv
                  | Stlth+}
  9393 | D:11     | Found a staircase to the Orcish Mines.
  9404 | D:11     | Reached skill level 15 in Long Blades
  9718 | Lair:1   | Entered Level 1 of the Lair of Beasts
  9736 | Lair:1   | Noticed Sonja
  9741 | Lair:1   | Killed Sonja
  9827 | Lair:1   | Reached skill level 13 in Fighting
 10203 | Lair:1   | Received a gift from Trog
 11030 | Lair:2   | Reached XP level 13. HP: 123/123 MP: 13/13
 11265 | Lair:2   | Reached skill level 14 in Fighting
 11353 | Lair:2   | Found a hole to the Spider Nest.
 11559 | Lair:2   | Reached skill level 10 in Dodging
 12075 | Lair:3   | Found an ancient bone altar of Kikubaaqudgha.
 12415 | Lair:3   | Found a staircase to the Shoals.
 12829 | Lair:4   | Reached skill level 15 in Fighting
 12942 | Lair:4   | Found a staircase to the Slime Pits.
 12979 | Lair:4   | Noticed Josephine
 12986 | Lair:4   | Killed Josephine
 13270 | Lair:4   | Found a blossoming altar of Fedhas.
 13744 | Lair:5   | Entered Level 5 of the Lair of Beasts
 14091 | Lair:5   | Received a gift from Trog
 14208 | Lair:5   | Reached XP level 14. HP: 127/136 MP: 11/14
 14211 | Lair:5   | Reached skill level 16 in Fighting
 14810 | Lair:5   | Noticed Snorg
 14818 | Lair:5   | Killed Snorg
 15413 | D:12     | Received a gift from Trog
 15607 | D:12     | Reached skill level 17 in Fighting
 16102 | D:13     | Found a radiant altar of Vehumet.
 16531 | D:13     | Found Bikloej's Jewellery Emporium.
 16990 | D:14     | Noticed a cyan very ugly thing
 17039 | D:14     | Killed a brown very ugly thing
 17491 | D:14     | Found a gate to the Vaults.
 17491 | D:14     | Noticed an ironbound preserver
 17498 | D:14     | Killed an ironbound preserver
 17499 | D:14     | Reached skill level 18 in Fighting
 17499 | D:14     | Reached XP level 15. HP: 149/149 MP: 15/15
 17643 | D:14     | Received a gift from Trog
 17975 | D:14     | Found Ropo's Antique Armour Emporium.
 18319 | D:14     | Bought a runed cloak for 157 gold pieces
 18385 | D:15     | Entered Level 15 of the Dungeon
 18395 | D:15     | Found Anaen's Distillery.
 19426 | D:15     | Found a staircase to the Depths.
 19549 | Orc:1    | Entered Level 1 of the Orcish Mines
 19664 | Orc:2    | Entered Level 2 of the Orcish Mines
 19735 | Orc:2    | Reached skill level 19 in Fighting
 19953 | Orc:1    | Found Irhamuki's Weapon Shoppe.
 20165 | Orc:2    | Received a gift from Trog
 20176 | Orc:2    | Reached ****** piety under Trog
 20255 | Orc:2    | Found a staircase to the Elven Halls.
 20321 | Orc:2    | Found Epnorgh's Antique Armour Shoppe.
 20321 | Orc:2    | Found Ufaagych's Armour Shop.
 20321 | Orc:2    | Found Neumoir's General Store.
 20321 | Orc:2    | Found Uluiq's Antique Armour Shoppe.
 20343 | Orc:2    | Received a gift from Trog
 20445 | Orc:2    | Bought a scroll of summoning for 152 gold pieces
 20446 | Orc:2    | Bought a glowing hat for 175 gold pieces
 20776 | Shoals:1 | Entered Level 1 of the Shoals
 20780 | Shoals:1 | Noticed Kirke
 20789 | Shoals:1 | Reached XP level 16. HP: 60/162 MP: 6/16
 21013 | Shoals:1 | Killed Kirke
 21014 | Shoals:1 | Reached skill level 20 in Fighting
 22639 | Shoals:2 | Found a runed translucent door.
 22639 | Shoals:2 | Noticed ritesign's ghost (journeyman DgCj)
 22664 | Shoals:2 | Received a gift from Trog
 22664 | Shoals:2 | Found the +11 plutonium sword {Contam Stlth-}
 23098 | Shoals:2 | Identified the +6 sling "Tuet" {flame, *Slow rN+ Int+4
                  | Stlth+}
 23112 | Shoals:2 | Killed ritesign's ghost
 23423 | Shoals:2 | You fall into a shaft and drop 1 floor!
 23423 | Shoals:3 | Found Ytimoism's Armour Shop.
 23428 | Shoals:3 | Identified the +0 cloak "Qinaer" {rC++ Will- Dex+4}
 24842 | Shoals:4 | Entered Level 4 of the Shoals
 24903 | Shoals:4 | Identified the ring of Qojue {Ice Will+}
 24970 | Shoals:4 | Reached skill level 21 in Fighting
 24974 | Shoals:4 | Identified the +6 triple sword "Etzoits" {heavy, rPois rF+}
                  | (Trog gifted it to you on level 4 of the Shoals)
 24974 | Shoals:4 | Received a gift from Trog
 25454 | Shoals:4 | Got a barnacled rune of Zot
 25496 | Shoals:4 | Found Waarus Cary's Jewellery Boutique.
 25509 | Shoals:4 | Found Kikiebom's Distillery.
 25517 | Shoals:4 | Bought a potion of heal wounds for 95 gold pieces
 25577 | Shoals:4 | Found Cionemel's Distillery.
 25963 | Shoals:4 | Bought a potion of heal wounds for 90 gold pieces
 25963 | Shoals:4 | Bought a potion of heal wounds for 90 gold pieces
 25963 | Shoals:4 | Bought a potion of heal wounds for 90 gold pieces
 26042 | Shoals:4 | Found Qeddecseve's Book Emporium.
 26132 | Shoals:4 | Identified the ring "Xeetadeg" {rElec Str-5 Int+6 Dex-2
                  | SInv}
 26210 | Shoals:4 | Identified the staff of earth "Imum" {Fly rF+ Dex+3}
 26245 | Shoals:4 | Reached XP level 17. HP: 173/173 MP: 17/17
 26410 | Shoals:4 | Identified the +9 short sword of Bodily Harmony {heavy,
                  | Fly}
 26578 | Spider:1 | Entered Level 1 of the Spider Nest
 27126 | Spider:1 | Received a gift from Trog
 27438 | Spider:1 | Noticed Nikola
 27626 | Spider:1 | Killed Nikola
 28011 | Shoals:4 | Bought a ring of poison resistance for 280 gold pieces
 28217 | Spider:1 | Noticed Agnes
 28226 | Spider:1 | Killed Agnes
 31092 | Spider:3 | Identified the +11 great sword "Sugiem" {antimagic, rN+
                  | Stlth+} (Trog gifted it to you on level 3 of the Spider
                  | Nest)
 31092 | Spider:3 | Received a gift from Trog
 32069 | Spider:4 | Entered Level 4 of the Spider Nest
 32122 | Spider:4 | Noticed Arachne
 32372 | Spider:4 | Reached XP level 18. HP: 181/182 MP: 18/18
 32669 | Spider:4 | Killed Arachne
 33437 | Spider:4 | Got a gossamer rune of Zot
 33790 | Spider:4 | Received a gift from Trog
 34119 | Elf:1    | Entered Level 1 of the Elven Halls
 34169 | Elf:1    | Found a radiant altar of Vehumet.
 34998 | Elf:1    | Received a gift from Trog
 35733 | Elf:2    | Found a flickering gateway to a bazaar.
 35739 | Bazaar   | Entered a bazaar
 35739 | Bazaar   | Found Basmos Tyon's Jewellery Boutique.
 35949 | Bazaar   | Found Boades's General Store.
 35960 | Bazaar   | Found Adasurphe's Antique Armour Boutique.
 35971 | Bazaar   | Found Zuonetuy's Antique Weapon Shoppe.
 35979 | Bazaar   | Found Maeq's Distillery.
 35987 | Bazaar   | Bought a potion of cancellation for 56 gold pieces
 35987 | Bazaar   | Bought a potion of cancellation for 56 gold pieces
 35987 | Bazaar   | Bought a potion of curing for 21 gold pieces
 35987 | Bazaar   | Bought a potion of haste for 70 gold pieces
 36376 | Elf:2    | Received a gift from Trog
 36664 | Elf:2    | Noticed Donald
 36694 | Elf:2    | Killed Donald
 37035 | Elf:2    | Noticed an Ice Fiend
 37039 | Elf:2    | Reached XP level 19. HP: 189/189 MP: 19/19
 37481 | Elf:2    | Found a runed translucent gate.
 37482 | Elf:2    | Found a runed translucent gate.
 37482 | Elf:2    | Found a runed translucent gate.
 37527 | Elf:3    | Entered Level 3 of the Elven Halls
 37549 | Elf:3    | Found Iroifo Hud's Assorted Antiques.
 37704 | Elf:3    | Received a gift from Trog
 38271 | Elf:3    | Reached skill level 15 in Dodging
 38920 | Elf:3    | Identified the +6 morningstar of Kismet {flame, MP+9}
 38920 | Elf:3    | Identified the ring of the Skies Above {rElec rC+ EV+5}
 39109 | Elf:3    | Identified the amulet of Equilibrium {Acrobat Fly rElec
                  | rPois Int-2}
 39443 | Elf:3    | Reached skill level 22 in Fighting
 39940 | Elf:3    | Identified the +11 gold dragon scales "Keroicog" {rElec
                  | rPois rF+ rC+ Will+}
 39969 | Elf:3    | Identified the +4 mace "Zogeatwe" {flame, Dex+3}
 39989 | Elf:3    | Identified the +7 rapier of Checkmate {venom, *Noise rPois
                  | rN+}
 40291 | Vaults:1 | Entered Level 1 of the Vaults
 40323 | Vaults:1 | Received a gift from Trog
 40801 | Vaults:1 | Found Coawnum's Armour Shop.
 40802 | Vaults:1 | Found Ankies's Jewellery Emporium.
 41374 | Vaults:1 | Reached skill level 23 in Fighting
 41600 | Vaults:1 | Found a runed translucent door.
 41896 | Vaults:2 | Found Poygejuimp's Armour Emporium.
 41931 | Vaults:2 | Found a magical portal.
 41940 | WizLab   | Entered Doroklohe's Tomb
 41971 | Vaults:2 | Reached XP level 20. HP: 203/203 MP: 20/20
 42160 | Vaults:2 | Received a gift from Trog
 44246 | Vaults:3 | Reached skill level 24 in Fighting
 44246 | Vaults:3 | Noticed Margery
 44448 | Vaults:3 | Killed Margery
 44869 | Vaults:3 | Received a gift from Trog
 44963 | Vaults:3 | Noticed a dread lich
 45000 | Vaults:3 | Identified the ring "Ruluets" {Fire Int+4}
 45001 | Vaults:3 | Found a shimmering blue altar of Sif Muna.
 45005 | Vaults:3 | Found a transporter.
 45229 | Vaults:3 | Found a staircase to the Crypt.
 45710 | Vaults:3 | Found Fyxoutiy's Armour Boutique.
 46092 | Vaults:3 | Killed a dread lich
 46092 | Vaults:3 | Received a gift from Trog
 46123 | Vaults:3 | Reached skill level 25 in Fighting
 46300 | Vaults:3 | Identified the +0 pair of gloves "Gyrhyxil" {rN+}
 46342 | Vaults:3 | Found a transporter.
 47254 | Vaults:4 | Reached XP level 21. HP: 199/217 MP: 21/21
 47392 | Vaults:4 | Found Luecyb's Antique Weapon Emporium.
 48163 | Vaults:4 | Noticed Frederick
 48178 | Vaults:4 | Killed Frederick
 49131 | Vaults:5 | Entered Level 5 of the Vaults
 49140 | Vaults:5 | Reached skill level 26 in Fighting
 49145 | Vaults:5 | Received a gift from Trog
 49559 | Abyss:2  | Cast into level 2 of the Abyss (war gargoyle)
 49727 | Abyss:2  | Found a corrupted altar of Lugonu.
 49743 | Abyss:2  | Found a corrupted altar of Lugonu.
 49743 | Abyss:2  | Found a corrupted altar of Lugonu.
 49745 | Abyss:2  | Fell from the grace of Trog
 49745 | Abyss:2  | Became a worshipper of Lugonu the Unformed
 49745 | Abyss:2  | Reached * piety under Lugonu
 49745 | Abyss:2  | Reached ** piety under Lugonu
 49746 | Vaults:5 | Escaped the Abyss
 49755 | Vaults:4 | Reached skill level 1 in Invocations
 50622 | Vaults:5 | Identified the +1 glaive of Somewhere Else {freeze, +Blink
                  | rCorr Int-2}
 50628 | Vaults:5 | Identified the +0 scimitar "Avokh" {antimagic, *Rage rC+
                  | rCorr SInv}
 50635 | Vaults:5 | Identified the +5 battleaxe of the Distant Future {freeze,
                  | Int+3}
 50635 | Vaults:5 | Identified the ring "Metair" {Will- Str+6 Int+5 Dex-2}
 50716 | Vaults:5 | Reached skill level 5 in Invocations
 50791 | Vaults:5 | Paralysed by Trog for 5 turns
 50835 | Vaults:5 | Got the Book of the Sky
 51091 | Vaults:5 | Noticed a dread lich
 51093 | Vaults:5 | Reached skill level 27 in Fighting
 51105 | Vaults:5 | Killed a dread lich
 51106 | Vaults:5 | Reached XP level 22. HP: 206/233 MP: 9/27
 51222 | Vaults:5 | Reached *** piety under Lugonu
 51317 | Vaults:5 | Noticed an ancient lich
 51333 | Vaults:5 | Killed an ancient lich
 51692 | Vaults:5 | Got a silver rune of Zot
 51834 | Vaults:5 | Noticed a golden dragon
 51842 | Vaults:5 | Killed a golden dragon
 52055 | Vaults:5 | Reached skill level 10 in Invocations
 52515 | Vaults:5 | Learned a level 3 spell: Swiftness
 52611 | Crypt:1  | Entered Level 1 of the Crypt
 52665 | Crypt:1  | Reached skill level 1 in Air Magic
 52836 | Crypt:1  | Identified the +0 ring mail of Wrong Decisions {Will-
                  | Slay+5}
 52894 | Crypt:1  | Reached **** piety under Lugonu
 53629 | Crypt:1  | Reached skill level 5 in Air Magic
 54154 | Crypt:1  | Identified the +0 robe of Refuge {Fly Int+4}
 54660 | Crypt:1  | Paralysed by Trog for 5 turns
 54721 | Crypt:1  | Reached ***** piety under Lugonu
 56328 | Crypt:2  | Noticed Houmnergh's ghost (master GnTm)
 56329 | Crypt:2  | Found a transporter.
 56331 | Crypt:2  | Found a transporter.
 56622 | Crypt:3  | Entered Level 3 of the Crypt
 57119 | Crypt:3  | Found a staircase to the Tomb.
 57237 | Crypt:3  | Reached XP level 23. HP: 240/240 MP: 32/32
 57797 | Crypt:3  | Reached skill level 10 in Air Magic
 58163 | Crypt:3  | Identified the ring "Zowkunip" {rElec rPois rC+ Will-
                  | Slay-5}
 58166 | Crypt:3  | Found a basalt altar of Yredelemnul.
 58166 | Crypt:3  | Found an ancient bone altar of Kikubaaqudgha.
 58170 | Crypt:3  | Noticed Saint Roka
 58172 | Crypt:3  | Identified the +0 sling of Misko {flame, Int+3}
 60316 | Slime:1  | Entered Level 1 of the Pits of Slime
 60772 | Slime:1  | Gained mutation: You are frail. (-10% HP) [a shining eye]
 60798 | Slime:2  | Gained mutation: You occasionally shout uncontrollably at
                  | your foes. [a shining eye]
 60799 | Slime:2  | Gained mutation: Your magical capacity is low. (-10% MP) [a
                  | shining eye]
 60807 | Slime:1  | Reached ****** piety under Lugonu
 60894 | Slime:1  | Lost mutation: Your magical capacity is low. (-10% MP)
                  | [potion of mutation]
 60894 | Slime:1  | Lost mutation: You occasionally shout uncontrollably at
                  | your foes. [potion of mutation]
 60894 | Slime:1  | Gained mutation: Your magical capacity is low. (-10% MP)
                  | [potion of mutation]
 60894 | Slime:1  | Gained mutation: Your tail ends in a venomous barb. [potion
                  | of mutation]
 60895 | Slime:1  | Lost mutation: You are frail. (-10% HP) [potion of
                  | mutation]
 60895 | Slime:1  | Lost mutation: Your magical capacity is low. (-10% MP)
                  | [potion of mutation]
 60895 | Slime:1  | Gained mutation: Your muscles are strong. (Str +4, Int/Dex
                  | -1) [potion of mutation]
 60922 | Slime:3  | Gained mutation: You are clumsy. (Dex -2) [a shining eye]
 60924 | Slime:3  | Gained mutation: You are occasionally teleported next to
                  | monsters. [a shining eye]
 60926 | Slime:3  | Gained mutation: You occasionally lose the ability to drink
                  | potions when taking damage. [a shining eye]
 60930 | Slime:3  | Gained mutation: You do not regenerate when monsters are
                  | visible. [a shining eye]
 60947 | Slime:1  | Lost mutation: You are clumsy. (Dex -2) [potion of
                  | mutation]
 60947 | Slime:1  | Lost mutation: Your muscles are strong. (Str +4, Int/Dex
                  | -1) [potion of mutation]
 60947 | Slime:1  | Lost mutation: Your tail ends in a venomous barb. [potion
                  | of mutation]
 60947 | Slime:1  | Gained mutation: Your body sometimes deteriorates upon
                  | taking damage. [potion of mutation]
 60947 | Slime:1  | Gained mutation: You are partially covered in large bone
                  | plates. (SH +4) [potion of mutation]
 60948 | Slime:1  | Lost mutation: You occasionally lose the ability to drink
                  | potions when taking damage. [potion of mutation]
 60948 | Slime:1  | Lost mutation: Your body sometimes deteriorates upon taking
                  | damage. [potion of mutation]
 60948 | Slime:1  | Lost mutation: You are occasionally teleported next to
                  | monsters. [potion of mutation]
 60948 | Slime:1  | Gained mutation: You have sharp toenails. [potion of
                  | mutation]
 60948 | Slime:1  | Gained mutation: You are covered in fur. (AC +1) [potion of
                  | mutation]
 60949 | Slime:1  | Lost mutation: You have sharp toenails. [potion of
                  | mutation]
 60949 | Slime:1  | Lost mutation: You do not regenerate when monsters are
                  | visible. [potion of mutation]
 60949 | Slime:1  | Gained mutation: You occasionally shout uncontrollably at
                  | your foes. [potion of mutation]
 60949 | Slime:1  | Gained mutation: You possess an exceptional clarity of
                  | mind. [potion of mutation]
 61227 | Slime:3  | Gained mutation: You occasionally lose the ability to read
                  | scrolls when taking damage. [a shining eye]
 61228 | Slime:3  | Lost mutation: You possess an exceptional clarity of mind.
                  | [a shining eye]
 61233 | Slime:3  | Lost mutation: You occasionally lose the ability to read
                  | scrolls when taking damage. [potion of mutation]
 61233 | Slime:3  | Lost mutation: You are partially covered in large bone
                  | plates. (SH +4) [potion of mutation]
 61233 | Slime:3  | Gained mutation: You have a pair of small antennae on your
                  | head. [potion of mutation]
 61233 | Slime:3  | Gained mutation: You occasionally lose the ability to read
                  | scrolls when taking damage. [potion of mutation]
 61233 | Slime:3  | Gained mutation: You are vulnerable to heat. (rF-) [potion
                  | of mutation]
 61233 | Slime:3  | Gained mutation: Your muscles are strong. (Str +4, Int/Dex
                  | -1) [potion of mutation]
 61234 | Slime:3  | Lost mutation: Your muscles are strong. (Str +4, Int/Dex
                  | -1) [potion of mutation]
 61234 | Slime:3  | Lost mutation: You have a pair of small antennae on your
                  | head. [potion of mutation]
 61234 | Slime:3  | Lost mutation: You occasionally lose the ability to read
                  | scrolls when taking damage. [potion of mutation]
 61234 | Slime:3  | Gained mutation: Your magical capacity is low. (-10% MP)
                  | [potion of mutation]
 61234 | Slime:3  | Lost mutation: You occasionally shout uncontrollably at
                  | your foes. [potion of mutation]
 61234 | Slime:3  | Gained mutation: You do not regenerate when monsters are
                  | visible. [potion of mutation]
 61235 | Slime:3  | Lost mutation: You are covered in fur. (AC +1) [potion of
                  | mutation]
 61235 | Slime:3  | Lost mutation: You are vulnerable to heat. (rF-) [potion of
                  | mutation]
 61235 | Slime:3  | Lost mutation: You do not regenerate when monsters are
                  | visible. [potion of mutation]
 61235 | Slime:3  | Gained mutation: You occasionally shout uncontrollably at
                  | your foes. [potion of mutation]
 61235 | Slime:3  | Gained mutation: Your flesh is heat resistant. (rF+)
                  | [potion of mutation]
 61235 | Slime:3  | Gained mutation: You have supernaturally acute eyesight.
                  | (SInv) [potion of mutation]
 61331 | Slime:5  | Entered Level 5 of the Pits of Slime
 61362 | Slime:5  | Gained mutation: Your body sometimes deteriorates upon
                  | taking damage. [a shining eye]
 61368 | Slime:5  | Gained mutation: Your body often deteriorates upon taking
                  | damage. [a shining eye]
 61415 | Slime:5  | Noticed the Royal Jelly
 61419 | Slime:5  | Banished the Royal Jelly
 61422 | Slime:5  | Corrupted Slime:5
 61487 | Slime:5  | Found a viscous altar of Jiyva.
 61498 | Slime:5  | Got a slimy rune of Zot
 61504 | Slime:5  | Got the Codex of Conduction
 61530 | Slime:5  | Identified the +3 robe of Renwof {rElec}
 61534 | Slime:5  | Got the Opusculum on Lithic Blows
 61620 | Slime:5  | Identified the +2 long sword "Iffit" {chaos, rPois rF+
                  | SInv}
 61910 | Depths:1 | Entered Level 1 of the Depths
 61995 | Depths:1 | Reached skill level 1 in Spellcasting
 62276 | Depths:1 | Found a gateway to Hell.
 62405 | Depths:1 | Found an opulent altar of Gozag.
 62918 | Depths:2 | Found an iron altar of Okawaru.
 62961 | Depths:2 | Reached skill level 15 in Air Magic
 63081 | Depths:2 | Found a shimmering blue altar of Sif Muna.
 63102 | Depths:2 | Found a one-way gate to the infinite horrors of the Abyss.
 63123 | Depths:2 | Found a one-way gateway to a ziggurat.
 63204 | Depths:2 | Found a one-way gate leading to the halls of Pandemonium.
 63308 | Depths:2 | Noticed Grunn
 63329 | Depths:2 | Killed Grunn
 63834 | Depths:1 | Was forgiven by Trog
 64314 | Depths:2 | Reached skill level 5 in Spellcasting
 64350 | Depths:2 | Noticed a juggernaut
 64467 | Depths:2 | Killed a juggernaut
 64955 | Depths:3 | Reached XP level 24. HP: 249/249 MP: 29/29
 65006 | Depths:3 | Found Loaqyeh's Jewellery Shoppe.
 65006 | Depths:3 | Found Saschih's Book Shop.
 65007 | Depths:3 | Found Inaxud's Book Shop.
 65150 | Depths:3 | Bought Magic, Part Eight for 324 gold pieces
 65236 | Depths:3 | Reached skill level 1 in Necromancy
 65315 | Depths:3 | Learned a level 4 spell: Summon Lightning Spire
 65601 | Depths:3 | Paralysed by a floating eye for 3 turns
 65616 | Depths:3 | Reached skill level 5 in Necromancy
 66055 | Depths:3 | Found a corrupted altar of Lugonu.
 66238 | Depths:4 | Entered Level 4 of the Depths
 66242 | Depths:4 | Noticed Boris
 66250 | Depths:4 | Killed Boris
 66489 | Depths:4 | Noticed Jory
 66518 | Depths:4 | Killed Jory
 66859 | Depths:4 | Learned a level 4 spell: Airstrike
 66864 | Depths:4 | Learned a level 4 spell: Animate Dead
 66871 | Depths:4 | Learned a level 6 spell: Death Channel
 66880 | Depths:4 | Learned a level 8 spell: Borgnjor's Revivification
 66904 | Depths:4 | Noticed Parghit
 67175 | Depths:4 | Banished Parghit
 67243 | Depths:4 | Noticed Mennas
 67265 | Depths:4 | Killed Mennas
 67604 | Depths:4 | Found Orahiret's Jewellery Boutique.
 67736 | Depths:4 | Reached skill level 10 in Necromancy
 68182 | Depths:4 | Found a gate to the Realm of Zot.
 68330 | Depths:4 | Found a sacrificial altar of Ru.
 68592 | Zot:1    | Entered Level 1 of the Realm of Zot
 68598 | Zot:1    | Found a runed translucent gate.
 68598 | Zot:1    | Found a runed translucent gate.
 68598 | Zot:1    | Found a runed translucent gate.
 68606 | Zot:1    | Noticed Sofait's ghost (legendary GnFE)
 68609 | Zot:1    | Found a viscous altar of Jiyva.
 68609 | Zot:1    | You are sucked into a shaft and drop 1 floor!
 69541 | Zot:2    | Identified a scroll of acquirement
 69744 | Zot:2    | Acquired 905 gold pieces
 69959 | Zot:2    | Noticed a Killer Klown
 69969 | Zot:2    | Killed a Killer Klown
 71093 | Zot:1    | Reached XP level 25. HP: 89/257 MP: 20/29
 71691 | Zot:1    | Reached skill level 15 in Necromancy
 74798 | Zot:3    | Identified the +0 double sword of Boujoof {freeze, rElec
                  | Will+ rCorr Int-4}
 75077 | Zot:3    | Identified the +7 double sword of the Unseen Realm {flame,
                  | rC+}
 78714 | Zot:4    | Identified the +8 great sword of Bareinn {venom, Fragile
                  | Will+ Dex+4}
 79085 | Zot:4    | Reached XP level 26. HP: 98/266 MP: 29/29
 79533 | Zot:5    | Entered Level 5 of the Realm of Zot
 79651 | Zot:5    | Identified the +0 pair of gloves of Puskyedgh {rElec rPois
                  | Str-4 Int+5}
 80115 | Zot:5    | Noticed an orb of fire
 80121 | Zot:5    | Gained mutation: You occasionally lose the ability to drink
                  | potions when taking damage. [an orb of fire]
 80130 | Zot:5    | Killed an orb of fire
 80509 | Zot:4    | Lost mutation: Your flesh is heat resistant. (rF+) [potion
                  | of mutation]
 80509 | Zot:4    | Lost mutation: Your body often deteriorates upon taking
                  | damage. [potion of mutation]
 80509 | Zot:4    | Lost mutation: You have supernaturally acute eyesight.
                  | (SInv) [potion of mutation]
 80509 | Zot:4    | Gained mutation: You have sharp toenails. [potion of
                  | mutation]
 80509 | Zot:4    | Gained mutation: You are somewhat resistant to further
                  | mutation. [potion of mutation]
 80510 | Zot:4    | Lost mutation: You occasionally lose the ability to drink
                  | potions when taking damage. [potion of mutation]
 80510 | Zot:4    | Lost mutation: You are somewhat resistant to further
                  | mutation. [potion of mutation]
 80510 | Zot:4    | Lost mutation: You have sharp toenails. [potion of
                  | mutation]
 80510 | Zot:4    | Gained mutation: You are strong-willed. (Will+) [potion of
                  | mutation]
 80510 | Zot:4    | Gained mutation: You expend magic power (3 MP) to
                  | strengthen your wands. [potion of mutation]
 80510 | Zot:4    | Gained mutation: You have a pair of small horns on your
                  | head. [potion of mutation]
 80689 | Zot:5    | Noticed an orb of fire
 80697 | Zot:5    | Gained mutation: You sometimes lose your temper in combat.
                  | [an orb of fire]
 80700 | Zot:5    | HP: 5/266 [orb of fire/fireball (67)]
 80706 | Zot:5    | Gained mutation: You are weak. (Str -2) [an orb of fire]
 80716 | Zot:5    | Killed an orb of fire
 81081 | Zot:5    | Noticed an orb of fire
 81100 | Zot:5    | Gained mutation: You are very weak. (Str -4) [an orb of
                  | fire]
 81114 | Zot:5    | Killed an orb of fire
 81459 | Zot:5    | Noticed a dread lich
 81460 | Zot:5    | Noticed an orb of fire
 81471 | Zot:5    | Killed an orb of fire
 81478 | Zot:5    | Killed a dread lich
 81692 | Zot:5    | Noticed a dread lich
 81712 | Zot:5    | Killed a dread lich
 82262 | Zot:5    | Noticed an orb of fire
 82268 | Zot:5    | Gained mutation: You frequently scream uncontrollably at
                  | your foes. [an orb of fire]
 82273 | Zot:5    | Killed an orb of fire
 82855 | Zot:5    | Got the Orb of Zot
 82971 | Depths:4 | Noticed Wepaimam the pandemonium lord
 82997 | Depths:4 | Banished Wepaimam the pandemonium lord
 83026 | Depths:3 | Gained mutation: Your magical capacity is very low. (-20%
                  | MP) [a cacodemon]
 83141 | D:15     | Noticed Fiwenim the pandemonium lord
 83152 | D:15     | Killed Fiwenim the pandemonium lord
 83568 | D:$      | Escaped with the Orb!

Illustrated notes

Levels and vault maps discovered:
D:1:      heliophobic_arrival_battle_scene, layout_loops_ring,
          minmay_split_cup_small
D:2:      layout_loops_corners, ebering_ecumenical_altar_ruins,
          small_statue_intersection
D:3:      layout_loops_ring, nzn_wu_jian_council_hall, gammafunk_ghost_cemetery,
          st_stairs_1
D:4:      layout_basic, mainiacjoe_overflow_surrounded_room,
          kennysheep_big_empty_room, dilly_guarded_unrand_throatcut
D:5:      layout_gridville, mainiacjoe_overflow_small_starburst,
          nicolae_uskayaw_en_pointe, elyvilon_altar_4,
          minmay_a_box_with_orc_wizards_in_it, uniq_crazy_yiuf_cottage
D:6:      layout_rooms, serial_shops, shop
D:7:      layout_basic, temple_hall
D:8:      layout_basic, general_overflow_altar, ebering_ghost_gozag,
          serial_shops, shop, uniq_prince_ribbit1, uniq_erica
D:9:      layout_basic, mainiacjoe_overflow_paths, serial_shops, shop,
          nicolae_zen_rock_garden
D:10:     layout_irregular_city, ashenzari_conservatory_becter
D:11:     layout_rooms, minmay_lair_entry_grove,
          kennysheep_orc_monster_closet_entryway,
          minmay_mirror_moons_of_madness, uniq_lodul, uniq_psyche
D:12:     layout_loops_ring
D:13:     minmay_connected_triangles_in_corner, layout_rooms, serial_shops,
          shop, vehumet_altar_wand_db
D:14:     layout_gridville, skrybe_vaults_entry_preservation, serial_shops,
          shop, minivault_20
D:15:     grunt_enter_depths_snipers, layout_cave_pools,
          minmay_misc_feat_four_crosses, serial_shops, shop
Lair:1:   layout_loops_ring, serial_forest, infiniplex_forest_zigzag_1,
          infiniplex_forest_straight_2, infiniplex_forest_straight_1,
          infiniplex_forest_clump_curved, infiniplex_forest_clump_small,
          infiniplex_forest_lined_3_way, infiniplex_forest_straight_3,
          infiniplex_forest_end_2, nicolae_lair_run_with_the_wolves, uniq_sonja
Lair:2:   layout_cave_pods, spider_nest_entry_rubble, minmay_lair_oklob_items,
          lemuel_fruit_tree
Lair:3:   layout_roguey, minmay_shoals_entry_hut, basic_altar,
          infiniplex_staircase_pool
Lair:4:   layout_loops_ring, slime_entry_1, st_stairs_5, tgw_fedhas,
          grunt_megastairs_2, uniq_josephine
Lair:5:   minmay_lair_end_enchanted_forest, layout_long_grid,
          nicolae_lair_grazing_beasts [nicolae_sub_lair_graze_edge,
          nicolae_sub_lair_graze_edge, nicolae_sub_lair_graze_edge,
          nicolae_sub_lair_graze_edge], lemuel_fruit_fields, uniq_snorg
Shoals:1: layout_shoals, nicolae_shoals_so_close, uniq_kirke
Shoals:2: layout_shoals, hellmonk_ghost_happy_afterlife
Shoals:3: layout_shoals, nicolae_take_the_stairs
Shoals:4: shoals_end_simple, layout_shoals, serial_shops, shop,
          nicolae_shop_advertising_works [nicolae_subvault_shop_adworks],
          nicolae_shop_industrial_runoff, nicolae_shop_window_shopping
Spider:1: layout_spider_delve, uniq_agnes, uniq_nikola
Spider:2: layout_chambers
Spider:3: layout_spider_delve, drop_trap
Spider:4: grunt_spider_rune_circles, uniq_arachne
Slime:1:  layout_caves, cheibrodos_slime_lost_civilization_5
Slime:2:  layout_caves, nicolae_slime_phagocytosis
Slime:3:  layout_caves
Slime:4:  layout_caves, basic_altar
Slime:5
Orc:1:    layout_caves, serial_shops, shop_statue, nicolae_orc_damp_corner
Orc:2:    st_orc_ogre_mass, layout_diamond_mine, minmay_orc_temple_a
Elf:1:    eino_elf_arrival_altar, layout_geoelf_diagonals,
          minmay_elf_annihilation, grunt_ministairs_9
Elf:2:    nicolae_elf_blades_crystal_corner, layout_geoelf_grid, serial_shops,
          bzr_entry_road, uniq_donald
Elf:3:    minmay_elf_hall, layout_gridlike, serial_shops,
          nicolae_shop_tiny_glass
Vaults:1: nicolae_vaults_stairing_the_circle, v_misc_22, nicolae_vaults_swerve,
          nicolae_vaults_two_Ls, vaults_mumra_hex, grunt_vaults_twisty,
          nicolae_vaults_oozy_zoo, nicolae_vaults_diagonal_hallway_8,
          vaults_room_hallway, nicolae_vaults_variable_pillar_hall,
          nicolae_vaults_storage_closets_1, nicolae_vaults_house_1,
          vaults_room_stairs_pillars, nicolae_vaults_house_3,
          ontoclasm_vaults_idyll, layout_vaults_maze_snakey, serial_shops, shop,
          shop
Vaults:2: mu_enter_wizlab_5, nicolae_vaults_alarming,
          nicolae_vaults_trapezoid_3, nicolae_vaults_asterisk,
          nicolae_vaults_house_3, nicolae_vaults_closet_pinwheel_5,
          nicolae_vaults_tetromino_T_2, nicolae_vaults_yaktaur_gun_rack,
          layout_vaults_omnigrid, serial_shops, shop
Vaults:3: nicolae_vaults_meiosis, minmay_crypt_entry_simple_box,
          vaults_room_boxed, gammafunk_sealed_library, v_misc_5,
          nicolae_vaults_ring_of_whatevers, hangedman_vaults_corner,
          grunt_vaults_bifocal, nicolae_vaults_closet_pinwheel_5,
          ontoclasm_vaults_misaligned, nicolae_vaults_tetromino_T_1,
          nicolae_vaults_diamond_1, layout_vaults_big_cross, serial_shops,
          shop_fountains, uniq_margery
Vaults:4: hangedman_vaults_stitches, v_misc_4, nicolae_vaults_network_square,
          vaults_dpeg_cross, nicolae_vaults_tetromino_Z_2,
          ontoclasm_vaults_decontamination, nicolae_vaults_surprise_closet,
          nicolae_vaults_tetromino_L_2, nicolae_vaults_trapezoid_lopsided_3,
          st_more_cells, nicolae_vaults_diamond_2, ontoclasm_vaults_chip,
          layout_vaults_big_room, serial_shops, nicolae_shop_scrapyard,
          uniq_frederick
Vaults:5
Crypt:1:  layout_gridlike, grunt_megastairs_4
Crypt:2:  layout_rooms, gammafunk_ghost_arena, nicolae_fountain_basement,
          lemuel_elevator
Crypt:3:  lightli_unholy_cathedral, layout_chaotic_city,
          roderic_lattice_octagonal_star, uniq_saint_roka
Depths:1: layout_big_octagon, pf_coc_iceberg, hangedman_abyss_or_decor_clamps,
          hangedman_decor_push, grunt_gozag_breadcrumbs
Depths:2: minmay_triangles_in_corner, layout_cave_pools, enter_ziggurat_b,
          rand_demon_pan_entry_4, abyss_entry_glasseish,
          hellmonk_okawaru_the_only_friend_you_need, hangedman_geh_valley,
          lemuel_blue_sif_altar, uniq_grunn
Depths:3: dreamdust_cat_pyramid, layout_gridville, grunt_hell_entry_dis_grunt,
          abyss_entry_flame_altar, minmay_shop_grove, minmay_staircase_bubble
Depths:4: evilmike_zot_entry_hall, layout_cave_pools, hell_entry,
          hangedman_ru_absence, minmay_shop_star, uniq_parghit, uniq_boris,
          uniq_mennas, uniq_jory
Zot:1:    layout_basic, gammafunk_ghost_ooze
Zot:2:    nicolae_moth_party, layout_concentric_octagons
Zot:3:    lemuel_halls_of_wrath, layout_misc_corridors,
          nicolae_rock_paper_scissors
Zot:4:    grunt_twist_and_shout, layout_onion_interference, zot_minivault_4
Zot:5:    layout_twisted_circle, grunt_ministairs_14

Skill      XL: |  1  2  3  4  5  6  7  8  9 10 11 12 13 14 15 16 17 18 19 20 21 22 23 24 25 26 |
---------------+-------------------------------------------------------------------------------+-----
Long Blades    | 4 5 6 8 11 12 13 14 15 16 17 18 19 21 24 | 24.6
Dodging        | 3 4 5 7 8 9 11 12 13 14 16 17 | 17.9
Fighting       | 4 5 6 8 11 13 15 18 19 21 23 25 27 | 27.0
Stealth        | 2 3 |  3.1
Invocations    | 7 13 | 13.3
Air Magic      | 9 16 | 16.6
Spellcasting   | 5 |  5.0
Necromancy     | 14 20 23 | 23.6

Action                     |  1- 3 |  4- 6 |  7- 9 | 10-12 | 13-15 | 16-18 | 19-21 | 22-24 | 25-27 || total
---------------------------+-------+-------+-------+-------+-------+-------+-------+-------+-------++-------
  Melee: Falchion          |   147 |    81 |    31 |       |       |       |       |       |       ||   259
         Tailslap          |     6 |    12 |    27 |    68 |   127 |   202 |   241 |   358 |   177 ||  1218
         Punch             |       |     1 |       |     3 |       |       |       |       |       ||     4
         Long sword        |       |       |   146 |   334 |       |       |       |       |       ||   480
         Great sword       |       |       |       |   124 |   704 |   180 |    90 |    40 |    34 ||  1172
         Scimitar          |       |       |       |       |     9 |       |       |       |       ||     9
         Triple sword      |       |       |       |       |       |   842 |   918 |  1296 |   776 ||  3832
         Headbutt          |       |       |       |       |       |       |       |       |    68 ||    68
   Cast: Swiftness         |       |       |       |       |       |       |       |     8 |     9 ||    17
         Death Channel     |       |       |       |       |       |       |       |     4 |       ||     4
         Animate Dead      |       |       |       |       |       |       |       |     3 |       ||     3
         Summon Lightning  |       |       |       |       |       |       |       |     1 |       ||     1
         Borgnjor's Revivi |       |       |       |       |       |       |       |       |     3 ||     3
 Invoke: Berserk           |       |     2 |     7 |     9 |    13 |    11 |     8 |       |       ||    50
         Trog's Hand       |       |     1 |       |     1 |     4 |     5 |    22 |       |       ||    33
         Brothers in Arms  |       |       |       |       |     2 |     5 |     6 |       |       ||    13
         Depart the Abyss  |       |       |       |       |       |       |     1 |       |       ||     1
         Banish            |       |       |       |       |       |       |       |     7 |     3 ||    10
         Corrupt           |       |       |       |       |       |       |       |     1 |       ||     1
Ability: Breathe Steam     |       |       |    10 |    23 |    41 |    64 |    53 |    50 |    27 ||   268
  Evoke: Lightning rod     |       |       |       |       |     4 |     2 |       |       |       ||     6
         Condenser vane    |       |       |       |       |     1 |     1 |     1 |       |       ||     3
         Phantom mirror    |       |       |       |       |       |     2 |       |       |       ||     2
         Wand              |       |       |       |       |       |       |       |       |    10 ||    10
    Use: Scroll            |     8 |     3 |     6 |     9 |    11 |    15 |    11 |    19 |    14 ||    96
         Potion            |     3 |     2 |       |     4 |     6 |    15 |    13 |    21 |    17 ||    81
   Stab: Sleeping          |     2 |     1 |     1 |     3 |    11 |    11 |     7 |     3 |     3 ||    42
         Invisible         |       |       |       |     6 |       |       |       |       |       ||     6
         Distracted        |       |       |       |     1 |     8 |    13 |    24 |    43 |     7 ||    96
 Armour: Skin              |    59 |    28 |    55 |    80 |   145 |   432 |   250 |   314 |   280 ||  1643
  Dodge: Dodged            |   122 |    44 |   109 |   478 |   739 |  1670 |  1235 |  1733 |  1316 ||  7446
